 Dungeon Crawl Stone Soup version 0.32-a0-630-g46d191b0ed (webtiles) character file.

Game seed: 1999840648054429023

128 Dittersdorf the Covered (level 5, 0/33 HPs)
             Began as a Gargoyle Fighter on Mar 6, 2024.
             Slain by an iguana (4 damage)
             ... on level 3 of the Dungeon.
             The game lasted 00:01:44 (1936 turns).

Dittersdorf the Covered (Gargoyle Fighter)          Turns: 1936, Time: 00:01:45

Health: 0/33       AC: 16    Str: 21    XL:     5   Next: 12%
Magic:  5/5        EV:  8    Int:  9    God:
Gold:   92         SH:  0    Dex:  9    Spells: 4/4 levels left

rFire   . . .        a - +0 flail
rCold   . . .        c - +0 buckler
rNeg    + . .        f - +0 chain mail
rPois   ∞            (no helmet)
rElec   +            e - +0 cloak
rCorr   +            n - +1 pair of gloves
SInv    .            (no boots)
Will    .....        (no amulet) Stlth
                     g - ring of resist corrosion
HPRegen 0.25/turn    (no ring)
MPRegen 0.09/turn

%: no passive effects
@: confused
A: sickness immunity, AC +4, negative energy resistance 1, electricity
resistance, torment resistance 1, petrification resistance
a: no special abilities


You were on level 3 of the Dungeon.
You visited 1 branch of the dungeon, and saw 3 of its levels.

You collected 92 gold pieces.

Inventory:

Hand Weapons
 a - a +0 flail (weapon)
Armour
 c - a +0 buckler (worn)
 e - a +0 cloak (worn)
 f - a +0 chain mail (worn)
 n - a +1 pair of gloves (worn)
Jewellery
 g - a ring of resist corrosion (left hand)
Wands
 m - a wand of acid (10) (quivered)
Scrolls
 b - a scroll of immolation {unknown}
 h - 7 scrolls of identify {unknown}
 i - 2 scrolls of teleportation {unknown}
 j - a scroll of fear {unknown}
 o - a scroll of poison {unknown}
Potions
 d - a potion of might
 k - a potion of curing {unknown}
 l - a potion of haste {unknown}


   Skills:
 + Level 4.2 Fighting
 + Level 3.1 Maces & Flails
 + Level 4.2 Armour
 + Level 4.1 Shields


You had 4 spell levels left.
You didn't know any spells.
Your spell library contained the following spells:

 Spells                   Type           Power      Damage    Failure   Level
 Volatile Blastmotes      Fire/Tloc      0%         2d10      100%        3
 Fulminant Prism          Conj/Alch      0%         3d5       100%        4
 Iskenderun's Mystic Bla  Conj/Tloc      0%         2d3       100%        4


Dungeon Overview and Level Annotations

Branches:
Dungeon (3/15)

Altars:
Elyvilon
Nemelex Xobeh
Yredelemnul


Innate Abilities, Weirdness & Mutations

You are immune to sickness and miasma.
Your stone body is resilient. (AC +4)
You are immune to poison.
You resist negative energy. (rN+)
You are resistant to electric shocks. (rElec)
You are resistant to unholy torment.
You are immune to petrification.


Message History

The orc is moderately wounded.
The orc hits you but does no damage.
The ribbon worm expels a string of sticky webbing.
The stream of webbing hits something but does no damage.
The goblin hits you but does no damage.
You hear some strange, mumbled words.
A puff of flame appears from out of thin air!
The puff of flame hits you!
Something you can't see is thrashing in a web.
The iguana bites you but does no damage.
The orc barely misses you. The orc barely misses you.
The goblin attacks as it pursues you! The goblin closely misses you.
The iguana barely misses you. The orc barely misses you.
You bump into the rock wall.
You feel less confused. The orc barely misses you.
The goblin hits you but does no damage.
Something you can't see is thrashing in a web.
You block the iguana's attack. The orc hits you but does no damage.
You thump the orc!
You kill the orc!
Something you can't see is thrashing in a web.
The goblin hits you with a +0 quarterstaff.
* * * LOW HITPOINT WARNING * * *
The iguana barely misses you. You block the orc's attack.
The goblin hits you but does no damage. The orc hits you but does no damage.
The iguana hisses menacingly.
The iguana bites you.
* * * LOW HITPOINT WARNING * * *
You sock the goblin!
You kill the goblin!
You hear some strange, mumbled words.
You are confused.
The iguana closely misses you. The orc hits you but does no damage.
Something hits you but does no damage. The iguana attacks as it pursues you!
The iguana completely misses you.
Things that are here:
a +0 dagger; a +0 quarterstaff The iguana attacks as it pursues you!
The iguana bites you.
You die...

##..≈≈≈≈≈..#.##.#.#.#
#.#########.......#.#
#..# #..###.###..
##.# ####...##### #.#
##....#...#
#.######..........
#.................
#######...........
#@..........
##l$w!.....)
##o..##...# ##### .##
.. .


You could see a ribbon worm, an iguana and an orc.

Vanquished Creatures
  2 gnolls (D:1)
  4 adders (D:2)
  3 dart slugs
  A ribbon worm (D:2)
  An orc (D:3)
  10 ball pythons
  6 bats
  3 endoplasms
  3 giant cockroaches
  4 goblins
  6 hobgoblins
  4 jackals (D:2)
  4 quokkas
  3 frilled lizards
  6 kobolds
  3 rats (D:2)
63 creatures vanquished.

Notes
Turn   | Place    | Note
-------+----------+-------------------------------------------
     0 | D:1      | Dittersdorf the Gargoyle Fighter began the quest for the
                  | Orb.
     0 | D:1      | Reached XP level 1. HP: 14/14 MP: 1/1
   229 | D:1      | Reached XP level 2. HP: 19/19 MP: 2/2
   376 | D:1      | Reached XP level 3. HP: 12/24 MP: 3/3
  1077 | D:2      | Reached XP level 4. HP: 29/29 MP: 4/4
  1395 | D:2      | Found a basalt altar of Yredelemnul.
  1512 | D:2      | Reached XP level 5. HP: 33/33 MP: 5/5
  1797 | D:3      | Found a white marble altar of Elyvilon.
  1812 | D:3      | Found a faded altar of an unknown god.
  1891 | D:3      | Found a sparkling altar of Nemelex Xobeh.
  1936 | D:3      | Slain by an iguana

Illustrated notes

Levels and vault maps discovered:
D:1:      amcnicky_arrival_feature_with_door, layout_basic, minivault_11
D:2:      minmay_recursive_quarters, layout_loops_ring, basic_altar
D:3:      layout_rooms, mainiacjoe_overflow_paths, elyvilon_altar_5,
          basic_ecumenical_altar, uniq_grinder

Skill      XL: |  1  2  3  4 |
---------------+-------------+-----
Armour         | 4 |  4.2
Shields        | 4 |  4.1
Fighting       | 4 |  4.2
Maces & Flails | 3 |  3.1

Action                     |  1- 3 |  4- 6 || total
---------------------------+-------+-------++-------
  Melee: Flail             |   125 |   132 ||   257
 Armour: Scale mail        |    82 |       ||    82
         Chain mail        |    60 |   176 ||   236
  Dodge: Dodged            |    68 |   102 ||   170
  Block: Buckler           |    29 |    51 ||    80

Table legend: (Time is in decaauts)
 A = Elapsed time spent in this place.
 B = Non-inter-level travel time spent in this place.
 C = Inter-level travel time spent in this place.
 D = Time resting spent in this place.
 E = Time spent auto-exploring this place.
 F = Levels seen in this place.
 G = Mean time per level.
                   A        B        C        D        E       F      G
               +--------+--------+--------+--------+--------+-----+--------+
         Total |   2013 |   1972 |     41 |     79 |   1352 |   3 |  671.0 |
       Dungeon |   2013 |   1972 |     41 |     79 |   1352 |   3 |  671.0 |
               +--------+--------+--------+--------+--------+-----+--------+

Top non-repeatable levels by time:
     D:1: 956 daAuts
     D:2: 900 daAuts
     D:3: 156 daAuts
